Stars vs Red Wings
Created - March 24, 2020 at 20:06
Goals
|
Stars |
2 |
4 |
1 |
7 |
Red Wings |
0 |
1 |
1 |
2 |
|
Shots
|
Stars |
7 |
18 |
7 |
32 |
Red Wings |
12 |
10 |
5 |
27 |
|
1st period
1. Stars , Alexander Frolov 7 (Cory Emmerton 17, Alex Chiasson 14) at 17:58
2. Stars , Cam Atkinson 7 (Ian White 27) at 18:30
Penalties :
Guillaume Latendresse (Dal) for Hooking (Minor) at 19:37
2nd period
3. Red Wings , Mike Richards 27 (Connor Brown 36) at 0:04 (PP)
4. Stars , Guillaume Latendresse 28 (John Tavares 51) at 1:19
5. Stars , Guillaume Latendresse 29 (John Tavares 52, Brian Lee 29) at 4:21
6. Stars , Alexander Frolov 8 (Cory Emmerton 18, Boris Valabik 14) at 10:40 (SH)
7. Stars , Ian White 7 (Michael Grabner 28, John Tavares 53) at 13:50 (PP)
Penalties :
Michael Grabner (Dal) for Hooking (Minor) at 9:23, Andrew Alberts (Det) for Hooking (Minor) at 13:03, Alex Picard (Det) for Interference (Minor) at 14:13, David Krejci (Det) for Fighting (Major) at 19:09, Andrej Sustr (Dal) for Fighting (Major) at 19:09
3rd period
8. Stars , Guillaume Latendresse 30 (Boris Valabik 15) at 3:50
9. Red Wings , Dany Heatley 8 (Petr Pohl 15, Nick Bjugstad 22) at 18:48
Penalties :
Antoine Vermette (Dal) for Diving (Minor) at 5:15, Ian White (Dal) for Tripping (Minor) at 9:59
Goalie Stats
Brian Elliott (Dal), 25 saves from 27 shots - (0.926), W, 4-5-0, 60:00 minutes
Jean-Francois Berube (Det), 19 saves from 22 shots - (0.864), 35:39 minutes
James Reimer (Det), 6 saves from 10 shots - (0.600), L, 19-21-5, 24:21 minutes
Players Stats for Stars
Player Name G A P +/- PIM S H SB GA TA FO MP PP MP PK MP
------------------------------------------------------------------------------------
Alex Chiasson 0 1 1 0 0 0 1 0 0 0 0/0 16:15 1:09 0:00
Alexander Frolov 2 0 2 1 0 3 2 0 0 0 0/0 12:04 0:00 0:54
Andrej Sustr 0 0 0 1 5 1 1 1 0 0 0/0 12:22 0:00 0:42
Antoine Vermette 0 0 0 0 2 0 2 0 1 0 7/12 17:02 1:09 0:48
B.J. Crombeen 0 0 0 0 0 4 2 0 0 0 1/1 10:41 0:00 0:00
Boris Valabik 0 2 2 4 0 1 0 1 0 0 0/0 19:21 1:37 2:34
Brian Lee 0 1 1 0 0 3 2 3 1 2 0/0 28:26 1:09 4:01
Cam Atkinson 1 0 1 1 0 3 0 0 0 0 0/0 8:41 0:00 0:00
Cory Emmerton 0 2 2 1 0 3 2 1 0 0 1/6 11:53 0:00 1:55
Evgeny Grachev 0 0 0 1 0 3 0 2 0 0 1/4 8:55 0:00 0:14
Guillaume Latendresse 3 0 3 3 2 5 0 0 1 0 0/2 21:40 1:37 3:28
Ian White 1 1 2 0 2 3 2 2 1 0 0/0 27:35 1:09 2:58
John Tavares 0 3 3 3 0 0 0 0 1 0 14/29 22:42 1:37 4:00
Johnny Oduya 0 0 0 4 0 0 1 1 0 1 0/0 18:59 1:37 2:33
Jussi Jokinen 0 0 0 0 0 3 0 0 0 0 1/2 17:44 1:09 1:29
Michael Grabner 0 1 1 3 2 0 1 0 1 0 1/2 18:12 1:37 0:00
Ted Purcell 0 0 0 1 0 0 1 0 0 0 0/0 8:41 0:00 0:00
Tyson Barrie 0 0 0 1 0 0 0 0 1 1 0/0 12:18 0:00 0:00
Players Stats for Red Wings
Player Name G A P +/- PIM S H SB GA TA FO MP PP MP PK MP
------------------------------------------------------------------------------------
Alex Picard 0 0 0 -2 2 3 0 0 1 1 1/1 19:32 3:09 0:00
Andrew Alberts 0 0 0 -2 2 0 0 1 0 1 0/0 18:31 1:19 0:00
Anton Volchenkov 0 0 0 -1 0 1 1 1 0 1 0/0 18:47 1:18 1:53
Carson Mcmillan 0 0 0 -1 0 2 1 0 0 1 0/0 10:13 0:13 1:54
Chris Kelly 0 0 0 -1 0 0 2 0 0 0 0/5 9:56 0:00 1:54
Connor Brown 0 1 1 -3 0 2 3 0 0 2 3/3 21:06 3:11 0:00
Dany Heatley 1 0 1 -1 0 2 2 0 1 0 0/0 17:35 2:59 0:18
David Krejci 0 0 0 0 5 2 2 0 0 0 4/4 10:48 0:17 0:00
Jiri Fischer 0 0 0 -2 0 1 0 2 0 0 0/0 18:05 1:57 0:53
Jordin Tootoo 0 0 0 -2 0 2 3 1 1 0 0/0 14:49 2:59 0:00
Karl Alzner 0 0 0 -1 0 0 2 1 0 1 0/0 19:07 3:47 0:00
Michael Haley 0 0 0 -1 0 0 1 1 0 0 0/0 8:39 0:00 0:34
Mike Richards 1 0 1 -2 0 3 1 1 0 0 16/28 19:48 3:09 0:18
Nick Bjugstad 0 1 1 -1 0 1 2 0 0 0 7/14 17:17 2:59 0:00
Petr Pohl 0 1 1 0 0 5 1 0 1 0 0/2 14:50 0:16 0:00
Philip Samuelsson 0 0 0 -2 0 2 1 2 0 0 0/0 24:52 4:27 0:53
Riley Armstrong 0 0 0 -1 0 1 0 0 0 0 1/1 12:39 0:00 0:34
Ryan O'Byrne 0 0 0 -2 0 0 1 1 0 0 0/0 20:37 0:00 1:53
3 Stars
1 - Guillaume Latendresse (Dal)
2 - Alexander Frolov (Dal)
3 - John Tavares (Dal)
Power Play
Stars - 1 on 2 Attempt(s) - 50.00%
Red Wings - 1 on 4 Attempt(s) - 25.00%
Penalty Kill
Stars - 3 on 4 Attempt(s) - 75.00%
- Score 1 goal in Penalty Kill
Red Wings - 1 on 2 Attempt(s) - 50.00%
- Score 0 goal in Penalty Kill
Team Stat
Stars - Hits : 17 - Faceoff Wins : 26 - Blocked Shots : 11 - Penalty Minutes : 13
Red Wings - Hits : 23 - Faceoff Wins : 32 - Blocked Shots : 11 - Penalty Minutes : 9
Official
Referees : Unknown
Linesman : Unknown
Game Notes
Jean-Francois Berube enters game at 4:21 of 2nd period
David Krejci and Andrej Sustr fight to a draw at 19:09 of 2nd period
Guillaume Latendresse has scored a Hat Trick!
Finance
Level 1 -- Attendance: 5255 (87.58%) -- Ticket Income $562,285
Level 2 -- Attendance: 3770 (75.40%) -- Ticket Income $267,670
Level 3 -- Attendance: 1544 (77.20%) -- Ticket Income $74,112
Level 4 -- Attendance: 3219 (80.48%) -- Ticket Income $106,227
Luxury Box -- Attendance: 828 (82.80%) -- Ticket Income $157,320
Game was played at the Joe Louis Arena.
Total Attendance: 14616 (81.20%)
Total Ticket Income: $1,167,614
Other Income: $175,142
Total Income: $1,342,756
Stars
5 vs 5 Forward
Center Left Wing Right Wing Time % Phy DF OF
1 John Tavares Guillaume Latendresse Michael Grabner 40 1 2 2
2 Antoine Vermette Jussi Jokinen Alex Chiasson 30 1 2 2
3 Cory Emmerton Alexander Frolov B.J. Crombeen 20 1 2 2
4 Evgeny Grachev Ted Purcell Cam Atkinson 10 1 2 2
5 vs 5 Defense
Defense Defense Time % Phy DF OF
1 Ian White Brian Lee 40 1 2 2
2 Boris Valabik Johnny Oduya 30 1 2 2
3 Tyson Barrie Andrej Sustr 20 1 2 2
4 Ian White Brian Lee 10 1 2 2
PowerPlay Forward
Center Left Wing Right Wing Time % Phy DF OF
1 John Tavares Guillaume Latendresse Michael Grabner 60 0 2 3
2 Antoine Vermette Jussi Jokinen Alex Chiasson 40 0 2 3
PowerPlay Defense
Defense Defense Time % Phy DF OF
1 Ian White Brian Lee 60 0 2 3
2 Boris Valabik Johnny Oduya 40 0 2 3
Penalty Kill 4 Players Forward
Center Wing Time % Phy DF OF
1 John Tavares Guillaume Latendresse 60 0 3 2
2 Jussi Jokinen Antoine Vermette 40 0 3 2
Penalty Kill 4 Players Defense
Defense Defense Time % Phy DF OF
1 Ian White Brian Lee 60 0 3 2
2 Boris Valabik Johnny Oduya 40 0 3 2
Penalty Kill - 3 Players Forward
Forward Time % Phy DF OF
1 John Tavares 60 0 3 2
2 Guillaume Latendresse 40 0 3 2
Penalty Kill - 3 Players Defense
Defense Defense Time % Phy DF OF
1 Ian White Brian Lee 60 0 3 2
2 Boris Valabik Johnny Oduya 40 0 3 2
4 vs 4 Forward
Center Wing Time % Phy DF OF
1 John Tavares Guillaume Latendresse 60 1 2 2
2 Jussi Jokinen Antoine Vermette 40 1 2 2
4 vs 4 Defense
Defense Defense Time % Phy DF OF
1 Ian White Brian Lee 60 1 2 2
2 Boris Valabik Johnny Oduya 40 1 2 2
Last Minutes Offensive
Center Left Wing Right Wing Defense Defense
John Tavares Guillaume Latendresse Michael Grabner Ian White Brian Lee
Last Minutes Defensive
Center Left Wing Right Wing Defense Defense
John Tavares Guillaume Latendresse Michael Grabner Ian White Brian Lee
Goaltenders
Starting : Brian Elliott
Backup : Cory Schneider
Extra Forwards
Normal : Alexander Frolov, Ted Purcell, Cory Emmerton - PP : Alexander Frolov, Ted Purcell - PK : Cory Emmerton
Extra Defensemen
Normal : Tyson Barrie, Andrej Sustr, Boris Valabik - PP : Tyson Barrie - PK : Andrej Sustr, Boris Valabik
Penalty Shots
John Tavares, Guillaume Latendresse, Jussi Jokinen, Antoine Vermette, Alexander Frolov
Scratches
Niklas Hjalmarsson (Back Spasms Injury), Shawn Matthias (Healthy)
Red Wings
5 vs 5 Forward
Center Left Wing Right Wing Time % Phy DF OF
1 Mike Richards Alex Picard Connor Brown 40 1 2 2
2 Nick Bjugstad Dany Heatley Petr Pohl 30 1 2 2
3 David Krejci Riley Armstrong Jordin Tootoo 20 2 2 1
4 Chris Kelly Michael Haley Carson Mcmillan 10 0 3 2
5 vs 5 Defense
Defense Defense Time % Phy DF OF
1 Philip Samuelsson Ryan O'Byrne 40 1 2 2
2 Karl Alzner Jiri Fischer 30 1 2 2
3 Andrew Alberts Anton Volchenkov 20 1 2 2
4 Andrew Alberts Anton Volchenkov 10 1 2 2
PowerPlay Forward
Center Left Wing Right Wing Time % Phy DF OF
1 Mike Richards Alex Picard Connor Brown 60 0 1 4
2 Nick Bjugstad Dany Heatley Jordin Tootoo 40 0 1 4
PowerPlay Defense
Defense Defense Time % Phy DF OF
1 Philip Samuelsson Karl Alzner 60 0 2 3
2 Andrew Alberts Jiri Fischer 40 0 2 3
Penalty Kill 4 Players Forward
Center Wing Time % Phy DF OF
1 Chris Kelly Carson Mcmillan 60 1 2 2
2 Riley Armstrong Michael Haley 40 1 2 2
Penalty Kill 4 Players Defense
Defense Defense Time % Phy DF OF
1 Anton Volchenkov Ryan O'Byrne 60 1 2 2
2 Jiri Fischer Philip Samuelsson 40 1 2 2
Penalty Kill - 3 Players Forward
Forward Time % Phy DF OF
1 Carson Mcmillan 60 1 2 2
2 Michael Haley 40 1 2 2
Penalty Kill - 3 Players Defense
Defense Defense Time % Phy DF OF
1 Anton Volchenkov Ryan O'Byrne 60 1 2 2
2 Jiri Fischer Philip Samuelsson 40 1 2 2
4 vs 4 Forward
Center Wing Time % Phy DF OF
1 Mike Richards Connor Brown 60 1 2 2
2 Alex Picard David Krejci 40 1 2 2
4 vs 4 Defense
Defense Defense Time % Phy DF OF
1 Philip Samuelsson Ryan O'Byrne 60 1 2 2
2 Karl Alzner Jiri Fischer 40 1 2 2
Last Minutes Offensive
Center Left Wing Right Wing Defense Defense
Mike Richards Alex Picard Connor Brown Philip Samuelsson Karl Alzner
Last Minutes Defensive
Center Left Wing Right Wing Defense Defense
Riley Armstrong Michael Haley Carson Mcmillan Anton Volchenkov Ryan O'Byrne
Goaltenders
Starting : James Reimer
Backup : Jean-Francois Berube
Extra Forwards
Normal : Connor Brown, Nick Bjugstad, David Krejci - PP : David Krejci, Petr Pohl - PK : Mike Richards
Extra Defensemen
Normal : Philip Samuelsson, Karl Alzner, Anton Volchenkov - PP : Anton Volchenkov - PK : Karl Alzner, Andrew Alberts
Penalty Shots
Mike Richards, Carson Mcmillan, Nick Bjugstad, Alex Picard, Jordin Tootoo
Scratches
Jakub Kindl (Groin Injury), Petter Granberg (Healthy), Josh Harding (Healthy)
% Time on Ice - Stars
Lines # - Real PCT - Wanted PCT - Time Play
Normal Forward
1 - 34% - 40% - 17:05
2 - 30% - 30% - 15:06
3 - 20% - 20% - 9:58
4 - 17% - 10% - 8:41
Normal Defense
1 - 39% - 40% - 20:00
2 - 31% - 30% - 15:31
3 - 24% - 20% - 12:18
4 - 6% - 10% - 3:01
PP Forward
1 - 58% - 60% - 1:37
2 - 42% - 40% - 1:09
PP Defense
1 - 42% - 60% - 1:09
2 - 58% - 40% - 1:37
PK Forward
1 - 77% - 60% - 4:55
2 - 23% - 40% - 1:29
PK Defense
1 - 63% - 60% - 4:01
2 - 37% - 40% - 2:23
PK3 Forward
1 - 0% - 60%
2 - 0% - 40%
PK3 Defense
1 - 0% - 60%
2 - 0% - 40%
44 Forward
1 - 0% - 60%
2 - 0% - 40%
44 Defense
1 - 0% - 60%
2 - 0% - 40%
Last Minute Offensive - 0:00
Last Minute Defensive - 0:00
Total
Forward - 60:00
Defense - 60:00
|
% Time on Ice - Red Wings
Lines # - Real PCT - Wanted PCT - Time Play
Normal Forward
1 - 32% - 40% - 16:25
2 - 28% - 30% - 14:21
3 - 24% - 20% - 12:02
4 - 16% - 10% - 8:02
Normal Defense
1 - 41% - 40% - 20:49
2 - 30% - 30% - 15:06
3 - 21% - 20% - 10:43
4 - 8% - 10% - 4:12
PP Forward
1 - 53% - 60% - 3:25
2 - 47% - 40% - 2:59
PP Defense
1 - 70% - 60% - 4:27
2 - 30% - 40% - 1:57
PK Forward
1 - 80% - 60% - 2:12
2 - 20% - 40% - 0:34
PK Defense
1 - 68% - 60% - 1:53
2 - 32% - 40% - 0:53
PK3 Forward
1 - 0% - 60%
2 - 0% - 40%
PK3 Defense
1 - 0% - 60%
2 - 0% - 40%
44 Forward
1 - 0% - 60%
2 - 0% - 40%
44 Defense
1 - 0% - 60%
2 - 0% - 40%
Last Minute Offensive - 0:00
Last Minute Defensive - 0:00
Total
Forward - 60:00
Defense - 60:00
|
Play-by-Play
1st period
0:01 of 1st period - Michael Grabner wins face-off versus Mike Richards in neutral zone.
0:16 of 1st period - Wrist shot by Mike Richards.
0:16 of 1st period - Deflect By Connor Brown.
0:16 of 1st period - Shot Misses the Net.
0:16 of 1st period - Puck is out of play.
0:17 of 1st period - Nick Bjugstad wins face-off versus Antoine Vermette in Stars zone.
0:20 of 1st period - Snap shot by Petr Pohl.
0:20 of 1st period - Stopped by Brian Elliott without a rebound.
0:21 of 1st period - Antoine Vermette wins face-off versus Nick Bjugstad in Stars zone.
1:10 of 1st period - Andrej Sustr is hit by Mike Richards and loses puck.
1:17 of 1st period - Slapshot by Tyson Barrie.
1:17 of 1st period - Shot Blocked by Jiri Fischer.
1:39 of 1st period - Snap shot by Carson Mcmillan.
1:39 of 1st period - Stopped by Brian Elliott without a rebound.
1:40 of 1st period - Nick Bjugstad wins face-off versus Antoine Vermette in Stars zone.
1:49 of 1st period - Snap shot by Jussi Jokinen.
1:49 of 1st period - Stopped by James Reimer without a rebound.
1:50 of 1st period - Antoine Vermette wins face-off versus Nick Bjugstad in Red Wings zone.
2:43 of 1st period - Slapshot by Brian Lee.
2:43 of 1st period - Shot Hit the Post.
2:45 of 1st period - Slapshot by Brian Lee.
2:45 of 1st period - Shot Blocked by Ryan O'Byrne.
3:09 of 1st period - Nick Bjugstad is hit by Antoine Vermette.
3:44 of 1st period - Alex Chiasson is hit by Nick Bjugstad and loses puck.
3:57 of 1st period - Slapshot by Brian Lee.
3:57 of 1st period - Stopped by James Reimer without a rebound.
3:58 of 1st period - Mike Richards wins face-off versus John Tavares in Red Wings zone.
4:09 of 1st period - Backhand shot by Guillaume Latendresse.
4:09 of 1st period - Shot Misses the Net.
4:32 of 1st period - Snap shot by B.J. Crombeen.
4:32 of 1st period - Shot Misses the Net.
4:34 of 1st period - Backhand shot by Cory Emmerton.
4:34 of 1st period - Stopped by James Reimer with a rebound.
6:50 of 1st period - Ryan O'Byrne is hit by Ted Purcell and loses puck.
7:15 of 1st period - Andrej Sustr is hit by Michael Haley and loses puck.
10:10 of 1st period - Snap shot by Riley Armstrong.
10:10 of 1st period - Shot Blocked by Evgeny Grachev.
10:41 of 1st period - Brian Lee is hit by David Krejci and loses puck.
10:57 of 1st period - Evgeny Grachev is hit by Carson Mcmillan and loses puck.
11:10 of 1st period - Alexander Frolov is hit by Connor Brown and loses puck.
11:27 of 1st period - Wrist shot by David Krejci.
11:27 of 1st period - Stopped by Brian Elliott with a rebound.
12:04 of 1st period - Andrew Alberts is hit by B.J. Crombeen and loses puck.
12:14 of 1st period - Icing by David Krejci.
12:15 of 1st period - David Krejci wins face-off versus John Tavares in Red Wings zone.
13:22 of 1st period - Slapshot by Riley Armstrong.
13:22 of 1st period - Stopped by Brian Elliott with a rebound.
13:24 of 1st period - Slapshot by Ryan O'Byrne.
13:24 of 1st period - Deflect By Jordin Tootoo.
13:24 of 1st period - Stopped by Brian Elliott with a rebound.
13:26 of 1st period - Slapshot by Philip Samuelsson.
13:26 of 1st period - Stopped by Brian Elliott without a rebound.
13:27 of 1st period - David Krejci wins face-off versus John Tavares in Stars zone.
13:34 of 1st period - Wrist shot by Jordin Tootoo.
13:34 of 1st period - Shot Misses the Net.
14:10 of 1st period - Slapshot by Brian Lee.
14:10 of 1st period - Stopped by James Reimer with a rebound.
15:25 of 1st period - Snap shot by David Krejci.
15:25 of 1st period - Shot Misses the Net.
15:56 of 1st period - Slapshot by Jordin Tootoo.
15:56 of 1st period - Stopped by Brian Elliott with a rebound.
15:58 of 1st period - Slapshot by Jiri Fischer.
15:58 of 1st period - Stopped by Brian Elliott without a rebound.
15:59 of 1st period - Connor Brown wins face-off versus Cory Emmerton in Stars zone.
16:55 of 1st period - Wrist shot by Evgeny Grachev.
16:55 of 1st period - Shot Blocked by Michael Haley.
16:57 of 1st period - Snap shot by Ted Purcell.
16:57 of 1st period - Deflect By Chris Kelly.
16:57 of 1st period - Shot Misses the Net.
16:57 of 1st period - Puck is out of play.
16:58 of 1st period - Cory Emmerton wins face-off versus Chris Kelly in Red Wings zone.
16:59 of 1st period - Snap shot by B.J. Crombeen.
16:59 of 1st period - Stopped by James Reimer with a rebound.
17:20 of 1st period - Off-side.
17:21 of 1st period - Antoine Vermette wins face-off versus Mike Richards in neutral zone.
17:58 of 1st period - Wrist shot by Alexander Frolov.
17:58 of 1st period - Goal by Alexander Frolov - Stars : 1 - Red Wings : 0.
17:59 of 1st period - Mike Richards wins face-off versus Cory Emmerton in neutral zone.
18:10 of 1st period - Snap shot by Connor Brown.
18:10 of 1st period - Shot Blocked by Brian Lee.
18:30 of 1st period - Wrist shot by Cam Atkinson.
18:30 of 1st period - Goal by Cam Atkinson - Stars : 2 - Red Wings : 0.
18:31 of 1st period - John Tavares wins face-off versus Mike Richards in neutral zone.
18:36 of 1st period - Snap shot by John Tavares.
18:36 of 1st period - Shot Blocked by Philip Samuelsson.
19:00 of 1st period - Wrist shot by Dany Heatley.
19:00 of 1st period - Deflect By Alexander Frolov.
19:00 of 1st period - Shot Misses the Net.
19:00 of 1st period - Puck is out of play.
19:01 of 1st period - Nick Bjugstad wins face-off versus Cory Emmerton in Stars zone.
19:12 of 1st period - Alexander Frolov is hit by Dany Heatley and loses puck.
19:25 of 1st period - Slapshot by Petr Pohl.
19:25 of 1st period - Stopped by Brian Elliott with a rebound.
19:27 of 1st period - Wrist shot by Petr Pohl.
19:27 of 1st period - Stopped by Brian Elliott with a rebound.
19:29 of 1st period - Wrist shot by Dany Heatley.
19:29 of 1st period - Shot Misses the Net.
19:33 of 1st period - Slapshot by Philip Samuelsson.
19:33 of 1st period - Stopped by Brian Elliott without a rebound.
19:34 of 1st period - John Tavares wins face-off versus Mike Richards in Stars zone.
19:34 of 1st period - John Tavares is hit by Connor Brown.
19:37 of 1st period - Minor Penalty to Guillaume Latendresse for Hooking.
19:38 of 1st period - Mike Richards wins face-off versus John Tavares in Stars zone.
19:54 of 1st period - Snap shot by Connor Brown.
19:54 of 1st period - Stopped by Brian Elliott with a rebound.
Goals for this period are 2 for Stars vs 0 for Red Wings.
Shots for this period are 7 for Stars vs 12 for Red Wings.
2nd period
0:01 of 2nd period - Mike Richards wins face-off versus John Tavares in neutral zone.
0:04 of 2nd period - Snap shot by Mike Richards.
0:04 of 2nd period - Goal by Mike Richards - Stars : 2 - Red Wings : 1.
0:05 of 2nd period - John Tavares wins face-off versus Mike Richards in neutral zone.
0:18 of 2nd period - Wrist shot by John Tavares.
0:18 of 2nd period - Shot Misses the Net.
0:20 of 2nd period - Slapshot by Ian White.
0:20 of 2nd period - Shot Blocked by Philip Samuelsson.
0:22 of 2nd period - Snap shot by Guillaume Latendresse.
0:22 of 2nd period - Deflect By John Tavares.
0:22 of 2nd period - Deflect By Philip Samuelsson.
0:22 of 2nd period - Shot Misses the Net.
0:22 of 2nd period - Puck is out of play.
0:23 of 2nd period - Antoine Vermette wins face-off versus Nick Bjugstad in Red Wings zone.
0:50 of 2nd period - Mike Richards is hit by Cory Emmerton and loses puck.
1:19 of 2nd period - Snap shot by Guillaume Latendresse.
1:19 of 2nd period - Goal by Guillaume Latendresse - Stars : 3 - Red Wings : 1.
1:20 of 2nd period - Mike Richards wins face-off versus John Tavares in neutral zone.
1:47 of 2nd period - Brian Lee is hit by Nick Bjugstad and loses puck.
1:56 of 2nd period - Slapshot by Nick Bjugstad.
1:56 of 2nd period - Stopped by Brian Elliott without a rebound.
1:57 of 2nd period - Mike Richards wins face-off versus Cory Emmerton in Stars zone.
2:04 of 2nd period - Snap shot by Mike Richards.
2:04 of 2nd period - Shot Blocked by Johnny Oduya.
2:06 of 2nd period - Wrist shot by Connor Brown.
2:06 of 2nd period - Deflect By Alex Picard.
2:06 of 2nd period - Stopped by Brian Elliott with a rebound.
2:08 of 2nd period - Slapshot by Andrew Alberts.
2:08 of 2nd period - Shot Misses the Net.
2:10 of 2nd period - Snap shot by Anton Volchenkov.
2:10 of 2nd period - Stopped by Brian Elliott without a rebound.
2:11 of 2nd period - Mike Richards wins face-off versus John Tavares in Stars zone.
2:38 of 2nd period - Philip Samuelsson is hit by Brian Lee and loses puck.
3:13 of 2nd period - Alexander Frolov is hit by Chris Kelly and loses puck.
3:28 of 2nd period - Wrist shot by Cory Emmerton.
3:28 of 2nd period - Stopped by James Reimer without a rebound.
3:29 of 2nd period - Mike Richards wins face-off versus John Tavares in Red Wings zone.
3:29 of 2nd period - Mike Richards is hit by Ian White.
4:21 of 2nd period - Snap shot by Guillaume Latendresse.
4:21 of 2nd period - Goal by Guillaume Latendresse - Stars : 4 - Red Wings : 1.
4:21 of 2nd period - Jean-Francois Berube enters game.
4:22 of 2nd period - Antoine Vermette wins face-off versus Nick Bjugstad in neutral zone.
4:37 of 2nd period - Snap shot by Petr Pohl.
4:37 of 2nd period - Stopped by Brian Elliott without a rebound.
4:38 of 2nd period - John Tavares wins face-off versus Mike Richards in Stars zone.
4:45 of 2nd period - Wrist shot by Philip Samuelsson.
4:45 of 2nd period - Deflect By Connor Brown.
4:45 of 2nd period - Stopped by Brian Elliott without a rebound.
4:46 of 2nd period - Connor Brown wins face-off versus Michael Grabner in Stars zone.
4:47 of 2nd period - Snap shot by Alex Picard.
4:47 of 2nd period - Stopped by Brian Elliott with a rebound.
5:09 of 2nd period - Snap shot by Guillaume Latendresse.
5:09 of 2nd period - Shot Misses the Net.
5:11 of 2nd period - Slapshot by Brian Lee.
5:11 of 2nd period - Shot Blocked by Mike Richards.
5:13 of 2nd period - Slapshot by Brian Lee.
5:13 of 2nd period - Stopped by Jean-Francois Berube without a rebound.
5:14 of 2nd period - Nick Bjugstad wins face-off versus Antoine Vermette in Red Wings zone.
5:40 of 2nd period - Andrew Alberts is hit by Alexander Frolov and loses puck.
6:15 of 2nd period - Anton Volchenkov is hit by Michael Grabner and loses puck.
6:49 of 2nd period - Andrew Alberts is hit by Andrej Sustr and loses puck.
7:53 of 2nd period - Jiri Fischer is hit by Antoine Vermette and loses puck.
8:20 of 2nd period - Ted Purcell is hit by Ryan O'Byrne and loses puck.
8:33 of 2nd period - Philip Samuelsson is hit by B.J. Crombeen and loses puck.
8:38 of 2nd period - Wrist shot by Alexander Frolov.
8:38 of 2nd period - Stopped by Jean-Francois Berube without a rebound.
8:39 of 2nd period - John Tavares wins face-off versus Nick Bjugstad in Red Wings zone.
8:44 of 2nd period - Wrist shot by Guillaume Latendresse.
8:44 of 2nd period - Stopped by Jean-Francois Berube with a rebound.
8:54 of 2nd period - Wrist shot by Dany Heatley.
8:54 of 2nd period - Stopped by Brian Elliott without a rebound.
8:55 of 2nd period - Antoine Vermette wins face-off versus Mike Richards in Stars zone.
9:04 of 2nd period - Slapshot by Alex Picard.
9:04 of 2nd period - Stopped by Brian Elliott with a rebound.
9:23 of 2nd period - Minor Penalty to Michael Grabner for Hooking.
9:24 of 2nd period - John Tavares wins face-off versus Mike Richards in Stars zone.
10:24 of 2nd period - Icing by Jordin Tootoo.
10:25 of 2nd period - Nick Bjugstad wins face-off versus Cory Emmerton in Red Wings zone.
10:40 of 2nd period - Wrist shot by Alexander Frolov.
10:40 of 2nd period - Goal by Alexander Frolov - Stars : 5 - Red Wings : 1.
10:41 of 2nd period - John Tavares wins face-off versus Mike Richards in neutral zone.
10:48 of 2nd period - Slapshot by Ian White.
10:48 of 2nd period - Stopped by Jean-Francois Berube without a rebound.
10:49 of 2nd period - Mike Richards wins face-off versus John Tavares in Red Wings zone.
10:58 of 2nd period - Wrist shot by Alex Picard.
10:58 of 2nd period - Shot Misses the Net.
11:00 of 2nd period - Snap shot by Philip Samuelsson.
11:00 of 2nd period - Shot Hit the Post.
11:02 of 2nd period - Snap shot by Connor Brown.
11:02 of 2nd period - Shot Blocked by Ian White.
11:06 of 2nd period - Slapshot by Mike Richards.
11:06 of 2nd period - Stopped by Brian Elliott without a rebound.
11:07 of 2nd period - Nick Bjugstad wins face-off versus John Tavares in Stars zone.
11:08 of 2nd period - Snap shot by Philip Samuelsson.
11:08 of 2nd period - Shot Blocked by Brian Lee.
11:23 of 2nd period - Penalty to Michael Grabner is over, Michael Grabner is back on ice.
11:31 of 2nd period - Ian White is hit by Karl Alzner and loses puck.
12:02 of 2nd period - Backhand shot by Jussi Jokinen.
12:02 of 2nd period - Shot Misses the Net.
12:18 of 2nd period - Alexander Frolov is hit by Anton Volchenkov and loses puck.
12:39 of 2nd period - Wrist shot by Cam Atkinson.
12:39 of 2nd period - Shot Misses the Net.
12:41 of 2nd period - Backhand shot by Evgeny Grachev.
12:41 of 2nd period - Deflect By Cam Atkinson.
12:41 of 2nd period - Shot Blocked by Karl Alzner.
12:41 of 2nd period - Puck is out of play.
12:42 of 2nd period - Evgeny Grachev wins face-off versus Mike Richards in Red Wings zone.
12:53 of 2nd period - Wrist shot by Evgeny Grachev.
12:53 of 2nd period - Stopped by Jean-Francois Berube with a rebound.
12:55 of 2nd period - Slapshot by Johnny Oduya.
12:55 of 2nd period - Shot Misses the Net.
12:57 of 2nd period - Wrist shot by Cam Atkinson.
12:57 of 2nd period - Stopped by Jean-Francois Berube with a rebound.
13:03 of 2nd period - Minor Penalty to Andrew Alberts for Hooking.
13:04 of 2nd period - John Tavares wins face-off versus Chris Kelly in Red Wings zone.
13:34 of 2nd period - Slapshot by Jussi Jokinen.
13:34 of 2nd period - Stopped by Jean-Francois Berube with a rebound.
13:40 of 2nd period - Wrist shot by Jussi Jokinen.
13:40 of 2nd period - Stopped by Jean-Francois Berube with a rebound.
13:42 of 2nd period - Slapshot by Boris Valabik.
13:42 of 2nd period - Stopped by Jean-Francois Berube without a rebound.
13:43 of 2nd period - John Tavares wins face-off versus Chris Kelly in Red Wings zone.
13:48 of 2nd period - Snap shot by Michael Grabner.
13:48 of 2nd period - Shot Blocked by Anton Volchenkov.
13:50 of 2nd period - Slapshot by Ian White.
13:50 of 2nd period - Goal by Ian White - Stars : 6 - Red Wings : 1.
13:51 of 2nd period - Mike Richards wins face-off versus Guillaume Latendresse in neutral zone.
13:54 of 2nd period - Ian White is hit by Philip Samuelsson and loses puck.
14:13 of 2nd period - Minor Penalty to Alex Picard for Interference.
14:14 of 2nd period - John Tavares wins face-off versus Chris Kelly in Red Wings zone.
14:41 of 2nd period - Anton Volchenkov is hit by Brian Lee and loses puck.
16:13 of 2nd period - Penalty to Alex Picard is over, Alex Picard is back on ice.
16:23 of 2nd period - Snap shot by Cory Emmerton.
16:23 of 2nd period - Deflect By B.J. Crombeen.
16:23 of 2nd period - Stopped by Jean-Francois Berube without a rebound.
16:24 of 2nd period - B.J. Crombeen wins face-off versus Nick Bjugstad in Red Wings zone.
16:44 of 2nd period - Tyson Barrie is hit by Dany Heatley and loses puck.
16:51 of 2nd period - Slapshot by B.J. Crombeen.
16:51 of 2nd period - Stopped by Jean-Francois Berube with a rebound.
16:53 of 2nd period - Snap shot by Cory Emmerton.
16:53 of 2nd period - Stopped by Jean-Francois Berube without a rebound.
16:54 of 2nd period - Mike Richards wins face-off versus Jussi Jokinen in Red Wings zone.
17:26 of 2nd period - Ted Purcell is hit by David Krejci and loses puck.
18:07 of 2nd period - Wrist shot by Alexander Frolov.
18:07 of 2nd period - Shot Misses the Net.
18:48 of 2nd period - Off-side.
18:49 of 2nd period - David Krejci wins face-off versus Evgeny Grachev in neutral zone.
19:02 of 2nd period - Slapshot by David Krejci.
19:02 of 2nd period - Shot Misses the Net.
19:09 of 2nd period - David Krejci and Andrej Sustr fight to a draw.
19:09 of 2nd period - Penalty to David Krejci for Fighting.
19:09 of 2nd period - Penalty to Andrej Sustr for Fighting.
19:10 of 2nd period - John Tavares wins face-off versus Mike Richards in Red Wings zone.
19:11 of 2nd period - Snap shot by Guillaume Latendresse.
19:11 of 2nd period - Stopped by Jean-Francois Berube with a rebound.
19:37 of 2nd period - Dany Heatley is hit by Ian White and loses puck.
19:58 of 2nd period - Dany Heatley is hit by Johnny Oduya.
Goals for this period are 4 for Stars vs 1 for Red Wings.
Shots for this period are 18 for Stars vs 10 for Red Wings.
3rd period
0:01 of 3rd period - Mike Richards wins face-off versus John Tavares in neutral zone.
0:27 of 3rd period - Jussi Jokinen is hit by Karl Alzner and loses puck.
0:33 of 3rd period - Icing by Ian White.
0:34 of 3rd period - Antoine Vermette wins face-off versus Petr Pohl in Stars zone.
1:24 of 3rd period - Brian Lee is hit by Chris Kelly and loses puck.
1:42 of 3rd period - Icing by Ian White.
1:43 of 3rd period - Mike Richards wins face-off versus Antoine Vermette in Stars zone.
1:48 of 3rd period - Snap shot by Mike Richards.
1:48 of 3rd period - Deflect By Antoine Vermette.
1:48 of 3rd period - Stopped by Brian Elliott without a rebound.
1:49 of 3rd period - Alex Picard wins face-off versus John Tavares in Stars zone.
2:50 of 3rd period - Icing by Ryan O'Byrne.
2:51 of 3rd period - Connor Brown wins face-off versus John Tavares in Red Wings zone.
3:30 of 3rd period - Slapshot by Johnny Oduya.
3:30 of 3rd period - Shot Misses the Net.
3:46 of 3rd period - Boris Valabik is hit by Jordin Tootoo.
3:50 of 3rd period - Wrist shot by Guillaume Latendresse.
3:50 of 3rd period - Goal by Guillaume Latendresse - Stars : 7 - Red Wings : 1.
3:51 of 3rd period - Jussi Jokinen wins face-off versus Petr Pohl in neutral zone.
4:00 of 3rd period - Jussi Jokinen is hit by Petr Pohl and loses puck.
4:17 of 3rd period - Carson Mcmillan is hit by Cory Emmerton and loses puck.
5:05 of 3rd period - Wrist shot by John Tavares.
5:05 of 3rd period - Shot Blocked by Jordin Tootoo.
5:15 of 3rd period - Minor Penalty to Antoine Vermette for Diving.
5:16 of 3rd period - Mike Richards wins face-off versus John Tavares in Stars zone.
5:19 of 3rd period - Snap shot by Mike Richards.
5:19 of 3rd period - Shot Misses the Net.
5:47 of 3rd period - Slapshot by Philip Samuelsson.
5:47 of 3rd period - Shot Misses the Net.
7:15 of 3rd period - Penalty to Antoine Vermette is over, Antoine Vermette is back on ice.
7:26 of 3rd period - Wrist shot by Chris Kelly.
7:26 of 3rd period - Shot Blocked by Andrej Sustr.
7:50 of 3rd period - Slapshot by David Krejci.
7:50 of 3rd period - Stopped by Brian Elliott with a rebound.
8:34 of 3rd period - Wrist shot by Cam Atkinson.
8:34 of 3rd period - Stopped by Jean-Francois Berube without a rebound.
8:35 of 3rd period - Riley Armstrong wins face-off versus Evgeny Grachev in Red Wings zone.
8:42 of 3rd period - Brian Lee is hit by Jordin Tootoo and loses puck.
9:03 of 3rd period - Wrist shot by Guillaume Latendresse.
9:03 of 3rd period - Shot Blocked by Andrew Alberts.
9:21 of 3rd period - Andrew Alberts is hit by Alexander Frolov and loses puck.
9:26 of 3rd period - Slapshot by Alexander Frolov.
9:26 of 3rd period - Shot Blocked by Jiri Fischer.
9:28 of 3rd period - Slapshot by Ian White.
9:28 of 3rd period - Stopped by Jean-Francois Berube with a rebound.
9:30 of 3rd period - Wrist shot by B.J. Crombeen.
9:30 of 3rd period - Stopped by Jean-Francois Berube with a rebound.
9:42 of 3rd period - Slapshot by Andrew Alberts.
9:42 of 3rd period - Shot Blocked by Brian Lee.
9:59 of 3rd period - Minor Penalty to Ian White for Tripping.
10:00 of 3rd period - John Tavares wins face-off versus Nick Bjugstad in Stars zone.
11:59 of 3rd period - Penalty to Ian White is over, Ian White is back on ice.
12:33 of 3rd period - Snap shot by Evgeny Grachev.
12:33 of 3rd period - Stopped by Jean-Francois Berube with a rebound.
12:35 of 3rd period - Snap shot by Ted Purcell.
12:35 of 3rd period - Shot Misses the Net.
12:37 of 3rd period - Slapshot by Andrej Sustr.
12:37 of 3rd period - Stopped by Jean-Francois Berube with a rebound.
13:22 of 3rd period - Snap shot by Nick Bjugstad.
13:22 of 3rd period - Shot Blocked by Cory Emmerton.
14:03 of 3rd period - Snap shot by Evgeny Grachev.
14:03 of 3rd period - Stopped by Jean-Francois Berube with a rebound.
14:39 of 3rd period - Ian White is hit by Jordin Tootoo and loses puck.
15:10 of 3rd period - Snap shot by Antoine Vermette.
15:10 of 3rd period - Shot Misses the Net.
16:04 of 3rd period - Jussi Jokinen is hit by Connor Brown and loses puck.
16:48 of 3rd period - Icing by Johnny Oduya.
16:49 of 3rd period - David Krejci wins face-off versus Guillaume Latendresse in Stars zone.
16:50 of 3rd period - Slapshot by Jiri Fischer.
16:50 of 3rd period - Shot Blocked by Boris Valabik.
17:19 of 3rd period - Off-side.
17:20 of 3rd period - Mike Richards wins face-off versus Evgeny Grachev in neutral zone.
17:29 of 3rd period - Slapshot by Alex Picard.
17:29 of 3rd period - Shot Blocked by Evgeny Grachev.
17:31 of 3rd period - Slapshot by Philip Samuelsson.
17:31 of 3rd period - Shot Blocked by Ian White.
17:47 of 3rd period - Snap shot by Carson Mcmillan.
17:47 of 3rd period - Stopped by Brian Elliott without a rebound.
17:48 of 3rd period - John Tavares wins face-off versus Chris Kelly in Stars zone.
18:46 of 3rd period - Wrist shot by Petr Pohl.
18:46 of 3rd period - Stopped by Brian Elliott with a rebound.
18:48 of 3rd period - Backhand shot by Dany Heatley.
18:48 of 3rd period - Goal by Dany Heatley - Stars : 7 - Red Wings : 2.
18:49 of 3rd period - Mike Richards wins face-off versus John Tavares in neutral zone.
18:51 of 3rd period - Off-side.
18:52 of 3rd period - John Tavares wins face-off versus Mike Richards in neutral zone.
19:26 of 3rd period - Icing by Petr Pohl.
19:27 of 3rd period - Nick Bjugstad wins face-off versus Antoine Vermette in Red Wings zone.
19:40 of 3rd period - Ryan O'Byrne is hit by Alex Chiasson and loses puck.
Goals for this period are 1 for Stars vs 1 for Red Wings.
Shots for this period are 7 for Stars vs 5 for Red Wings.
Back to the Top